 Dungeon Crawl Stone Soup version 0.22-a0-367-gb72a975 (webtiles) character file.

1338 mortelune the Slasher (level 8, -3/63 HPs)
             Began as a Demonspawn Abyssal Knight on Apr 22, 2018.
             Was a Priest of Lugonu.
             Slain by Duvessa
             ... wielding a +0 short sword
              (14 damage)
             ... on level 7 of the Dungeon.
             The game lasted 00:19:32 (9464 turns).

mortelune the Slasher (Demonspawn Abyssal Knight)   Turns: 9464, Time: 00:19:33

Health: -3/63      AC: 10    Str: 15    XL:     8   Next: 35%
Magic:  12/12      EV: 11    Int: 14    God:    Lugonu [***...]
Gold:   317        SH:  0    Dex: 12    Spells: 7/7 levels left

rFire    . . .     SeeInvis .   a - +1 falchion
rCold    . . .     Gourm    .   (no shield)
rNeg     . . .     Faith    .   s - +0 scale mail
rPois    .         Spirit   .   p - +0 helmet
rElec    .         Reflect  .   (no cloak)
rCorr    .         Harm     .   (no gloves)
MR       .....                  e - +0 pair of boots
Stlth    ..........             (no amulet)
HPRegen  0.20/turn              (no ring)
MPRegen  0.13/turn              (no ring)

@: no status effects
A: talons 1, iridescent scales 1, foul stench 1, rot immunity
a: Depart the Abyss, Bend Space, Banish, Renounce Religion


You were on level 7 of the Dungeon.
You worshipped Lugonu.
Lugonu was most pleased with you.
You were not hungry.

You visited 1 branch of the dungeon, and saw 7 of its levels.
You visited the Abyss 1 time.

You collected 317 gold pieces.

Inventory:

Hand Weapons
 a - a +1 falchion (weapon)
 g - a +2 short sword of venom
Armour
 b - a +0 leather armour
 e - a +0 pair of boots (worn)
 o - a +0 ring mail
 p - a +0 helmet (worn)
 s - a +0 scale mail (worn)
 C - a +0 buckler
Jewellery
 w - an uncursed amulet of rage {unknown}
Wands
 n - a wand of flame (9)
 B - a wand of digging (4)
Scrolls
 k - a scroll of amnesia
 m - 2 scrolls of fear
 r - a scroll of enchant armour {unknown}
 t - 2 scrolls of enchant weapon {unknown}
 u - a scroll of magic mapping
 y - a scroll of teleportation
 z - a scroll of immolation {unknown}
 A - a scroll of remove curse
Potions
 d - 2 potions of haste
 f - 3 potions of brilliance
 h - 2 potions of cancellation
 i - a potion of mutation
 j - 2 potions of curing
 l - 2 potions of berserk rage
 q - 3 potions of heal wounds
 v - a potion of lignification {unknown}
 x - a potion of agility
Comestibles
 c - 10 rations


   Skills:
 + Level 5.5 Fighting
 * Level 6.4 Long Blades
 - Level 1.7 Armour
 + Level 4.2 Dodging
 + Level 5.3 Invocations


You had 7 spell levels left.
You didn't know any spells.

Dungeon Overview and Level Annotations

Branches:
Dungeon (7/15)             Temple (0/1) D:4

Altars:
Dithmenos
Elyvilon
Fedhas
Qazlal
Ru
Sif Muna
Trog
Vehumet
Xom
Zin
The Shining One

Shops:
D:4 %

Annotations:
D:2 1 runed door
D:3 Sigmund
D:5 2 transporters
D:7 Duvessa


Innate Abilities, Weirdness & Mutations

You have sharp toenails.
You are partially covered in iridescent scales. (AC +2)
You may emit foul miasma when damaged in melee.
You are immune to rotting.


Message History

You hit Duvessa.
Duvessa is moderately wounded.
Duvessa barely misses you.
You barely miss Duvessa.
Duvessa is moderately wounded.
Duvessa hits you but does no damage.
You barely miss Duvessa.
Duvessa is moderately wounded.
Duvessa hits you with a short sword. x2
You hit Duvessa.
Duvessa is heavily wounded.
Duvessa closely misses you.
Your scale mail prevents you from hitting Duvessa.
Duvessa is heavily wounded.
Duvessa hits you with a short sword. Duvessa hits you with a short sword!
* * * LOW HITPOINT WARNING * * *
You slash Duvessa!
Duvessa is severely wounded.
Duvessa hits you with a short sword!
You die...

*,,,,,,,,,,,,*##.####### ##
**,,,........#*>### ****
*,,,,........#,..# ***,,*
*,,,,(.......#,8.# **,,,,,
*,,,,........#,..* *,,,,,,
*,,,,....>...#*.#* *>,,,,,
*>,,,........##.##******,,,,,,
*,,,,........#e..#*,,,**,,,,,,
**********##)@.8.+,,8,<*,,,,,,
# #..#...#*,,,******** ###
##..##+##***** ..###
##..##*,**,** #...##
##..##*,,,*,,** ###..###
##..####,8,*,,,** ***
###..###......#,,,*,,,,** *,,
##..........#*<**,,,,,** **,,
#..........#****,,,,,,***,,,


You could see Duvessa (berserk).

Vanquished Creatures
  A hungry ghost (D:7)
  A phantom (D:7)
  A centaur (D:6)
  An ogre (D:7)
  2 bullfrogs (D:7)
  Dowan (D:7)
  A bullfrog zombie (D:5)
  2 jellies
  A centaur skeleton (D:7)
  2 hounds
  2 orc priests
  2 iguanas
  Ijyb (D:3)
  Terence (D:2)
  2 orc wizards
  3 worker ants
  A hound skeleton (D:6)
  A worker ant zombie (D:7)
  Robin (D:2)
  3 gnolls (D:5)
  9 adders
  An ooze (D:1)
  3 worms
  A dart slug (D:1)
  3 leopard geckos
  19 orcs
  5 ball pythons
  10 giant cockroaches
  18 goblins
  13 hobgoblins
  13 jackals
  5 quokkas
  7 bats
  6 frilled lizards
  6 kobolds
  A quokka skeleton (D:4)
  8 rats
158 creatures vanquished.

Notes
Turn   | Place    | Note
-------+----------+-------------------------------------------
     0 | Abyss:1  | mortelune the Demonspawn Abyssal Knight began the quest for the Orb.
     0 | Abyss:1  | Reached XP level 1. HP: 18/18 MP: 2/2
     1 | Abyss:1  | Found a corrupted altar of Lugonu.
    37 | Abyss:1  | Noticed a small abomination
    38 | D:1      | Escaped the Abyss
    57 | D:1      | Noticed a basilisk
    57 | D:1      | Noticed a tyrant leech
    57 | D:1      | Noticed a worker ant
    58 | D:1      | Noticed a frost giant
   165 | D:1      | Reached skill level 1 in Dodging
   191 | D:1      | Reached skill level 2 in Long Blades
   228 | D:1      | Reached * piety under Lugonu
   245 | D:1      | Gained mutation: You are partially covered in iridescent scales. (AC +2) [demonic ancestry]
   245 | D:1      | Reached XP level 2. HP: 14/24 MP: 3/3
   862 | D:1      | Gained mutation: You have sharp toenails. [demonic ancestry]
   862 | D:1      | Reached XP level 3. HP: 22/29 MP: 4/4
  1102 | D:1      | You fall through a shaft!
  1664 | D:2      | Reached skill level 3 in Long Blades
  1841 | D:2      | Gained mutation: You are immune to rotting. [demonic ancestry]
  1841 | D:2      | Reached XP level 4. HP: 16/35 MP: 5/5
  2393 | D:2      | Noticed Terence
  2413 | D:2      | Killed Terence
  2493 | D:2      | Reached ** piety under Lugonu
  2645 | D:2      | Noticed Robin
  2979 | D:2      | Reached XP level 5. HP: 37/42 MP: 6/6
  3274 | D:2      | Killed Robin
  3422 | D:2      | Found a runed door.
  3539 | D:2      | Found a glowing silver altar of Zin.
  3552 | D:2      | Found a glowing golden altar of the Shining One.
  3553 | D:2      | Found a deep blue altar of Sif Muna.
  3553 | D:2      | Found a stormy altar of Qazlal.
  3553 | D:2      | Found a blossoming altar of Fedhas.
  3553 | D:2      | Found a shadowy altar of Dithmenos.
  3554 | D:2      | Found a white marble altar of Elyvilon.
  3556 | D:2      | Found a bloodstained altar of Trog.
  3557 | D:2      | Found a radiant altar of Vehumet.
  3558 | D:2      | Found a shimmering altar of Xom.
  4104 | D:3      | Noticed Ijyb
  4322 | D:3      | Killed Ijyb
  4322 | D:3      | Reached skill level 4 in Long Blades
  4596 | D:3      | Reached *** piety under Lugonu
  4732 | D:3      | Noticed Sigmund
  5007 | D:4      | Found a staircase to the Ecumenical Temple.
  5204 | D:4      | Reached XP level 6. HP: 26/48 MP: 7/7
  5368 | D:4      | Found Muyvaps's Food Shop.
  6233 | D:4      | Found a sacrificial altar of Ru.
  6839 | D:5      | Entered Level 5 of the Dungeon
  6895 | D:5      | Gained mutation: You may emit foul miasma when damaged in melee. [demonic ancestry]
  6895 | D:5      | Reached XP level 7. HP: 40/55 MP: 9/9
  7018 | D:5      | Reached skill level 5 in Long Blades
  7395 | D:5      | Found a transporter.
  7451 | D:5      | Noticed a kobold demonologist
  7455 | D:5      | Found a transporter.
  8595 | D:7      | Reached skill level 5 in Fighting
  8883 | D:7      | Noticed a hungry ghost
  8900 | D:7      | Paralysed by fainting for 6 turns
  8928 | D:7      | Killed a hungry ghost
  8928 | D:7      | Reached XP level 8. HP: 54/62 MP: 11/11
  8944 | D:7      | Reached skill level 6 in Long Blades
  9064 | D:7      | Reached skill level 5 in Invocations
  9443 | D:7      | Noticed Duvessa
  9444 | D:7      | Noticed Dowan
  9453 | D:7      | Killed Dowan
  9464 | D:7      | Slain by Duvessa

Vault maps used:
D:1:      onia_arrival_zoo_common, columned_hall_lemuel,
          corexii_leaking_fountain, minmay_vboxes
D:2:      minmay_roachtagon, minitemple, first_ration, minmay_misc_feat_roman,
          minmay_misc_feat_square, uniq_terence, uniq_robin,
          uniq_crazy_yiuf_cottage
D:3:      minmay_goblin_outpost, uniq_sigmund, uniq_ijyb, uniq_jessica
D:4:      kennysheep_little_box, minmay_temple_entry_statues_pillars,
          serial_shops, shop
D:5:      gammafunk_wand_slinger
D:6:      serial_shops, shop
D:7:      grunt_ministairs_5, grunt_livestock, feat_on_display, uniq_duvessa

Skill      XL: |  1  2  3  4  5  6  7  8 |
---------------+-------------------------+-----
Dodging        | 1 2 3 4 |  4.2
Long Blades    | 2 3 4 5 6 |  6.4
Fighting       | 4 5 |  5.5
Invocations    | 3 4 5 |  5.3
Armour         | |  1.7

Action                   |  1- 3 |  4- 6 |  7- 9 || total
-------------------------+-------+-------+-------++-------
Melee: Falchion          |   115 |   395 |   264 ||   774
Invok: Depart the Abyss  |     1 |       |       ||     1
  Use: Scroll            |     3 |     9 |     3 ||    15
  Eat: Chunk             |     2 |    10 |     8 ||    20
       Ration            |       |     2 |     2 ||     4
Armor: Leather armour    |    46 |    13 |       ||    59
       Ring mail         |       |   117 |       ||   117
       Scale mail        |       |    36 |   117 ||   153
Dodge: Dodged            |    72 |   278 |   135 ||   485
       Rpst.: Falchion   |    20 |    79 |    46 ||   145

Table legend:
 A = Spawn XP
 B = Non-spawn XP
 C = Spawn XP percentage of total XP
 D = Spawn monster count
 E = Non-spawn monster count
 F = Spawn count percentage of total count
 G = Total turns spent on level
                    A         B        C        D         E        F      G
               +---------+---------+-------+---------+---------+-------+---------
         Total |       0 |    1912 |   0.0 |       0 |     158 |   0.0 |  9464
               +---------+---------+-------+---------+---------+-------+---------
           D:1 |       0 |      63 |   0.0 |       0 |      33 |   0.0 |  1612
           D:2 |       0 |     175 |   0.0 |       0 |      42 |   0.0 |  2416
           D:3 |       0 |     188 |   0.0 |       0 |      29 |   0.0 |  1163
           D:4 |       0 |     240 |   0.0 |       0 |      23 |   0.0 |  1610
           D:5 |       0 |     229 |   0.0 |       0 |      11 |   0.0 |  1089
           D:6 |       0 |     217 |   0.0 |       0 |       6 |   0.0 |   949
           D:7 |       0 |     800 |   0.0 |       0 |      14 |   0.0 |   587
               +---------+---------+-------+---------+---------+-------+---------
